 Dungeon Crawl Stone Soup version 0.18-a0-1805-g8ab820f (webtiles) character file.

563 dvd the Ruffian (level 7, -2/60 HPs)
             Began as a Ghoul Monk on Apr 25, 2016.
             Slain by Duvessa
             ... wielding a +1 short sword of electrocution
              (17 damage)
             ... on level 5 of the Dungeon.
             The game lasted 00:13:56 (4010 turns).

dvd the Ruffian (Ghoul Monk)                        Turns: 4010, Time: 00:13:56

Health: -2/60      AC:  6    Str: 16    XL:     7   Next: 32%
Magic:  6/6        EV: 13    Int:  5    God:
Gold:   177        SH:  0    Dex: 14    Spells: 0 memorised, 6 levels left

rFire  + . .     SeeInvis .       - Unarmed
rCold  + . .     Gourm    .     j - +0 ring mail of Creativity {rF+ Dex+2}
rNeg   + + +     Faith    .     (no shield)
rPois  ∞         Spirit   .     (no helmet)
rElec  .         Dismiss  .     (no cloak)
rCorr  +         Reflect  .     o - +0 pair of gloves
SustAt .         Harm     .     (no boots)
MR     .....                    (no amulet)
Stlth  +.........               (no ring)
                                s - ring of resist corrosion

@: rotting, not resistant to hostile enchantments, very unstealthy
A: rotting body, claws 1, carnivore 3, cold resistance 1, negative energy
resistance 3, slow regeneration 1, torment resistance, unbreathing
a: no special abilities


You were on level 5 of the Dungeon.
You were not hungry.

You visited 1 branch of the dungeon, and saw 5 of its levels.

You collected 177 gold pieces.

Inventory:

Hand Weapons
 c - a +2 falchion of protection
 d - a +0 hunting sling
 g - a +1 dagger of electrocution
Missiles
 e - 4 silver tomahawks (quivered)
Armour
 h - a +1 robe of cold resistance
 j - the +0 ring mail of Creativity (worn) {rF+ Dex+2}
   (You found it on level 4 of the Dungeon)

   It affects your dexterity (+2).
   It protects you from fire.
 o - a +0 pair of gloves (worn)
 A - a +2 leather armour of cold resistance
Jewellery
 s - a ring of resist corrosion (left hand)
Scrolls
 i - 3 scrolls of remove curse
 k - 2 scrolls of fear
 l - a scroll of teleportation
 p - a scroll of identify
Books
 a - the Reference Book on Hurtful Calling
   (You found it on level 4 of the Dungeon)

   Spells                             Type                      Level
   a - Shock                          Conjuration/Air              1
   b - Conjure Flame                  Conjuration/Fire             3
   c - Recall                         Summoning/Translocation      3
   d - Call Canine Familiar           Summoning                    3
   e - Venom Bolt                     Conjuration/Poison           5
   f - Iskenderun's Battlesphere      Conjuration/Charms           5
Comestibles
 b - 5 meat rations
 w - a beef jerky
 z - a slice of pizza


   Skills:
 + Level 4.7 Fighting
 + Level 2.4 Armour
 + Level 4.6 Dodging
 + Level 2.5 Stealth
 + Level 6.5 Unarmed Combat


You had 6 spell levels left.
You didn't know any spells.

Dungeon Overview and Level Annotations

Branches:
Dungeon (5/15)
 Temple: D:4-7

Altars:
Ashenzari
Dithmenos
Kikubaaqudgha

Annotations:
D:5 Dowan, Duvessa


Innate Abilities, Weirdness & Mutations

Your body is rotting away.
You thrive on raw meat.
You are immune to poison.
You have sharp fingernails.
You are carnivorous and can eat meat at any time.
Your flesh is cold resistant.
You are immune to negative energy.
You regenerate slowly when monsters are visible.
You are immune to unholy pain and torment.
You can survive without breathing.


Message History

Dowan points at Duvessa and mumbles some strange words.
Duvessa seems to speed up.
Duvessa hits you with a short sword of electrocution.
You are electrocuted!
* * * LOW HITPOINT WARNING * * *
You aren't carrying any items that you can evoke.
Drink which item? (? for menu, Esc to quit)
It was a potion of curing.
You feel better.
Duvessa hits you with a short sword of electrocution.
* * * LOW HITPOINT WARNING * * *
You hit Duvessa but do no damage.
Duvessa is almost dead.
Duvessa hits you with a short sword of electrocution.
* * * LOW HITPOINT WARNING * * *
Dowan mumbles some strange words.
Dowan blinks!
Duvessa hits you with a short sword of electrocution.
* * * LOW HITPOINT WARNING * * *
You are electrocuted!
You die...

..... ## ..) ##... #
#. ... .... .#.# ...
...# ######..###.#
#.. #..#
#...[...e...# ..#
#..# #.####..##### .
#.##..#
#.#.@e§....... .#
#.#..###.#.##..#####.
..# ##...##....##..#
#.###.#............#
.##.#.###.##....##.##
................##..(
.###.####..#######.#
. .###.####..# .#
.......<...#


You could see Duvessa and Dowan.

Vanquished Creatures
  An ogre (D:4)
  A scorpion (D:4)
  A hound (D:4)
  An orc priest (D:4)
  3 orc wizards
  Jessica (D:3)
  2 gnolls (D:1)
  13 adders
  An adder skeleton (D:4)
  3 worms
  2 giant geckos
  9 orcs
  2 ball pythons
  6 giant cockroaches
  17 goblins
  6 hobgoblins
  5 jackals
  3 quokkas
  10 bats
  A giant gecko skeleton (D:5)
  10 giant newts
  8 kobolds
  17 rats
123 creatures vanquished.

Notes
Turn   | Place    | Note
--------------------------------------------------------------
     0 | D:1      | dvd the Ghoul Monk began the quest for the Orb.
     0 | D:1      | Reached XP level 1. HP: 19/19 MP: 0/0
   142 | D:1      | Reached XP level 2. HP: 21/26 MP: 1/1
   155 | D:1      | Reached skill level 5 in Unarmed Combat
   287 | D:1      | Reached XP level 3. HP: 18/31 MP: 2/2
   975 | D:1      | Reached XP level 4. HP: 39/40 MP: 3/3
  1102 | D:2      | Found an ancient bone altar of Kikubaaqudgha.
  1370 | D:2      | Reached XP level 5. HP: 39/46 MP: 4/4
  1412 | D:2      | Reached skill level 1 in Armour
  1823 | D:3      | Noticed Jessica
  1829 | D:3      | Killed Jessica
  2184 | D:3      | Reached XP level 6. HP: 48/53 MP: 5/5
  2383 | D:3      | Found a shadowy altar of Dithmenos.
  2384 | D:3      | Found a shattered altar of Ashenzari.
  2718 | D:4      | Reached skill level 6 in Unarmed Combat
  2855 | D:4      | Identified the Reference Book on Hurtful Calling
  2861 | D:4      | Got a distressingly furry ring mail
  2872 | D:4      | Identified the +0 ring mail of Creativity {rF+ Dex+2} (You found it on level 4 of the Dungeon)
  3102 | D:4      | Reached XP level 7. HP: 14/60 MP: 6/6
  3114 | D:4      | HP: 1/60 [scorpion (4)]
  3972 | D:5      | Entered Level 5 of the Dungeon
  3992 | D:5      | Noticed Duvessa
  3992 | D:5      | Noticed Dowan
  4010 | D:5      | Slain by Duvessa

Vault maps used:
D:1:      saegor_arrival_simple_a, st_stairs_9, minmay_misc_feat_cross,
          grunt_decor_clamped
D:2:      kiku_gazebo_garden_becter
D:3:      gammafunk_temple_overflow_pools, first_bread, minmay_joined_circles,
          uniq_jessica
D:5:      minmay_temple_entry_overgrown, nicolae_ossuary_entry_monument,
          okawaru_ov_weapons_minmay, uniq_duvessa, uniq_pikel

Skill      XL: |  1  2  3  4  5  6 |
---------------+-------------------+-----
Unarmed Combat | 5 6 |  6.5
Dodging        | 3 4 |  4.6
Fighting       | 4 |  4.7
Armour         | 1 2 |  2.4
Stealth        | |  2.5

Action                   |  1- 3 |  4- 6 |  7- 9 || total
-------------------------+-------+-------+-------++-------
Melee: Unarmed           |   114 |   272 |    86 ||   472
       Punch             |       |     6 |     1 ||     7
  Use: Scroll            |       |    10 |     1 ||    11
       Potion            |       |     6 |     2 ||     8
 Stab: Sleeping          |     1 |     3 |       ||     4
  Eat: Chunk             |     8 |    26 |     8 ||    42
Armor: Ring mail         |    45 |    59 |    17 ||   121
       Leather armour    |       |    23 |       ||    23
Dodge: Dodged            |    59 |   164 |    64 ||   287
